AoeStats
← 只会打步弓

Arabia

509423663Analyzed
1v1 RM · 6d ago on Sep 26, 2026· 44m 46s· 2 players
Game mode
Random Map
Map size
Tiny (2 player)
Population
200
Speed
Normal
Resources
Standard
Victory
Conquest
Starting age
Dark Age
Ending age
Imperial Age
RankedLock teamsTeams togetherTeam positionsShared explorationLock speedFull tech treeHidden civsTurbo modeCheats
Victory
Defeat
🇨🇳 Mapuche · China
1911
+20
🇫🇷 Varangians · France
1990
-20
AGS.BlackKnight
6:26 Loom
6:36 Loom
9:19 Feudal Age
9:24 Man-at-Arms
10:13 Double-Bit Axe
14:35 Horse Collar
15:43 Bloodlines
21:04 Castle Age
19:39 Forging
20:37 Scale Barding Armor
20:48 Gold Mining
21:08 Light Cavalry
23:17 Wheelbarrow
24:39 Husbandry
34:42 Town Watch
36:02 Bow Saw
39:42 Imperial Age
38:37 Chain Barding Armor
40:25 Iron Casting
41:27 Plate Barding Armor
42:42 Heavy Scorpion
44:11 Ballistics
只会打步弓
6:50 Loom
9:06 Feudal Age
11:19 Double-Bit Axe
11:36 Horse Collar
21:36 Castle Age
20:22 Fletching
20:47 Padded Archer Armor
20:38 Gold Mining
22:15 Bodkin Arrow
24:02 Bow Saw
25:06 Ballistics
26:09 Wheelbarrow
25:51 Leather Archer Armor
32:21 Heavy Plow
34:29 Hand Cart
37:31 Imperial Age
35:25 Town Watch
36:30 Gold Shaft Mining
36:49 Stone Mining
38:18 Stone Shaft Mining
38:15 Malon
38:57 Ring Archer Armor
39:33 Chemistry
38:26 Elite Bolas Rider
40:55 Conscription
40:41 Butalmapu
42:15 Forging
45:35 Iron Casting
Connection lost

Rejoining the realm…

Still unreachable

The connection could not be restored.

Session expired

The server has moved on; the page needs a fresh start.